 Dungeon Crawl Stone Soup version 0.31.0-32-g396128a36d (webtiles) character file.

Game seed: 1604827540245466298

906 Sopa the Covered (level 7, -7/61 HPs)
             Began as a Minotaur Fighter on Mar 23, 2024.
             Was an Initiate of Ru.
             Mangled by an earth elemental (20 damage)
             ... created by the adversity of Qazlal
             ... on level 4 of the Dungeon.
             The game lasted 00:11:03 (3130 turns).

Sopa the Covered (Minotaur Fighter)                 Turns: 3130, Time: 00:11:04

Health: -7/61      AC: 13    Str: 22    XL:     7   Next: 81%
Magic:  6/6        EV: 10    Int:  5    God:    Ru [......]
Gold:   242        SH:  5    Dex: 10    Spells: 6/6 levels left

rFire   . . .        t - +1 flail (venom)
rCold   x x .        c - +0 buckler
rNeg    . . .        n - +1 scale mail {rPois}
rPois   +            (helmet restricted)
rElec   .            (no cloak)
rCorr   .            (no gloves)
SInv    .            A - +0 pair of boots
Will    .....        g - amulet of faith Stlth
                     D - +4 ring of protection
HPRegen 0.30/turn    (no ring)
MPRegen 0.10/turn

%: faith
@: no status effects
A: horns 2, retaliatory headbutt, [cold vulnerability 2]
a: Renounce Religion


You were on level 4 of the Dungeon.
You worshipped Ru.
Ru was noncommittal.
You visited 1 branch of the dungeon, and saw 4 of its levels.

You collected 242 gold pieces.

Inventory:

Hand Weapons
 a - a +0 long sword
 t - a +1 flail of venom (weapon)
Missiles
 j - 17 poisoned darts (quivered)
Armour
 b - a +0 scale mail
 c - a +0 buckler (worn)
 k - a +1 hat
 n - a +1 scale mail of poison resistance (worn)
 r - an orb of energy
 y - an orb of wrath
 z - the +1 barding "Ujelex" {rN+ Will+ Regen+}
   (You found it on level 4 of the Dungeon)

   rN+:       It protects you from negative energy.
   Will+:     It increases your willpower.
   Regen+:    It increases your rate of health regeneration.
 A - a +0 pair of boots (worn)
Jewellery
 g - an amulet of faith (around neck)
 D - a +4 ring of protection (left hand)
Talismans
 q - a maw talisman
Wands
 B - a wand of flame (11)
Scrolls
 e - 3 scrolls of fear {unknown}
 h - 4 scrolls of identify {unknown}
 o - a scroll of acquirement {unknown}
 p - a scroll of vulnerability {unknown}
 s - a scroll of noise {unknown}
 u - a scroll of revelation {unknown}
 v - a scroll of blinking {unknown}
 C - a scroll of fog {unknown}
 E - a scroll of brand weapon {unknown}
Potions
 d - 4 potions of might
 f - a potion of degeneration {unknown}
 i - a potion of heal wounds {unknown}
 l - 2 potions of haste {unknown}
 m - 2 potions of lignification {unknown}
 w - 2 potions of curing {unknown}
 x - 2 potions of attraction {unknown}


   Skills:
 + Level 5.1 Fighting
 + Level 4.9 Long Blades
 + Level 4.9 Maces & Flails
 + Level 0.7 Throwing
 + Level 6.3 Armour
 + Level 1.4 Dodging
 + Level 0.9 Stealth
 + Level 5.7 Shields


You had 6 spell levels left.
You didn't know any spells.
Your spell library was empty.

Dungeon Overview and Level Annotations

Branches:
Dungeon (4/15)
 Temple: D:4-7

Altars:
Makhleb
Qazlal
Ru


Innate Abilities, Weirdness & Mutations

You have a pair of horns on your head.
You reflexively headbutt those who attack you in melee.
[You are very vulnerable to cold. (rC--)]


Message History

The rime drake is lightly wounded.
The rime drake barely misses you. The earth elemental barely misses you.
The rime drake breathes ice at you. The icy flash freeze hits you!
You feel a painful chill!
You are encased in ice.
You hit the rime drake.
The rime drake looks even sicker.
The rime drake is moderately wounded.
The rime drake bites you but does no damage.
The earth elemental misses you.
You hit the rime drake.
The rime drake looks as sick as possible!
You headbutt the rime drake, but do no damage.
The rime drake is heavily wounded.
The rime drake closely misses you. The rime drake bites you.
The earth elemental misses you.
You closely miss the rime drake. Your headbutt misses the rime drake.
The rime drake is heavily wounded.
The rime drake bites you but does no damage.
You closely miss the rime drake.
The rime drake is heavily wounded.
The ice encasing you melts away. The rime drake bites you.
The earth elemental closely misses you.
You closely miss the rime drake.
You headbutt the rime drake, but do no damage.
The rime drake is severely wounded.
The rime drake bites you but does no damage.
The rime drake breathes ice at you. The icy flash freeze hits you!!!
You feel a painful chill!
Ouch! That really hurt!
* * * LOW HITPOINT WARNING * * *
You are encased in ice.
The earth elemental barely misses you.
You sock the rime drake!
You kill the rime drake!
That felt strangely unrewarding.
The ice encasing you melts away.
You hit the earth elemental but do no damage.
Your headbutt misses the earth elemental.
The earth elemental hits you!!
You die...

## .#################
.................#
.###############.#
.#..#..........#รท##
.#..##.###........##############
##..##.# #.###.#E..............#
.#..##.# #.#...#@#############.#
.#..##.# #.#.###.............#.#
.#..##'###.#.#
#############.#.##
....#....#.#.# #.#<.#
.##.#....#.#.# #.####
###)#....#.#.# #....#
..#.#....#.#.# ###.##
#.#)#....#.#.# #.#
...)).....>#.# #.#


You could see an earth elemental.

Vanquished Creatures
  A rime drake (D:4)
  Grinder (D:3)
  Edmund (D:4)
  Duvessa (D:4)
  2 scorpions (D:4)
  A necrophage (D:4)
  Dowan (D:4)
  A bombardier beetle (D:3)
  Natasha (twice) (D:4)
  An iguana (D:4)
  A hound skeleton (D:4)
  Robin (D:4)
  2 adders
  A ribbon worm (D:4)
  A dart slug (D:1)
  3 orcs (D:3)
  3 endoplasms
  A giant cockroach (D:4)
  23 goblins
  10 hobgoblins
  2 jackals (D:2)
  6 quokkas
  10 ball pythons
  7 bats
  2 frilled lizards
  10 kobolds
  2 rats (D:1)
97 creatures vanquished.

Notes
Turn   | Place    | Note
-------+----------+-------------------------------------------
     0 | D:1      | Sopa the Minotaur Fighter began the quest for the Orb.
     0 | D:1      | Reached XP level 1. HP: 19/19 MP: 0/0
    72 | D:1      | Reached XP level 2. HP: 27/27 MP: 1/1
   458 | D:1      | Reached skill level 4 in Armour
   617 | D:2      | Found a faded altar of an unknown god.
   620 | D:2      | Prayed at the altar of an unknown god.
   620 | D:2      | Became a worshipper of Qazlal Stormbringer
   620 | D:2      | Reached * piety under Qazlal
   768 | D:2      | Reached XP level 3. HP: 30/33 MP: 2/2
  1142 | D:2      | Reached ** piety under Qazlal
  1267 | D:3      | Reached XP level 4. HP: 35/40 MP: 3/3
  1362 | D:3      | Noticed Grinder
  1380 | D:3      | Killed Grinder
  1381 | D:3      | Reached skill level 1 in Maces & Flails
  1381 | D:3      | Reached skill level 5 in Armour
  1381 | D:3      | Reached skill level 5 in Shields
  1381 | D:3      | Reached XP level 5. HP: 22/47 MP: 4/4
  1381 | D:3      | Reached XP level 6. HP: 25/53 MP: 5/5
  1705 | D:3      | Found a sacrificial altar of Ru.
  1714 | D:3      | Fell from the grace of Qazlal
  1714 | D:3      | Became a worshipper of Ru the Awakened
  2075 | D:4      | Found a burning altar of Makhleb.
  2083 | D:4      | Reached skill level 1 in Dodging
  2201 | D:4      | Noticed Duvessa
  2201 | D:4      | Noticed Dowan
  2216 | D:4      | Killed Duvessa
  2217 | D:4      | Reached XP level 7. HP: 55/60 MP: 6/6
  2220 | D:4      | Killed Dowan
  2312 | D:4      | Identified the +1 barding "Ujelex" {rN+ Will+ Regen+}
  2344 | D:4      | Reached skill level 5 in Fighting
  2486 | D:4      | Noticed Robin
  2502 | D:4      | Killed Robin
  2552 | D:4      | Noticed Edmund
  2567 | D:4      | Killed Edmund
  2568 | D:4      | Reached skill level 6 in Armour
  2711 | D:4      | Noticed Natasha
  2715 | D:4      | Killed Natasha
  2843 | D:4      | Noticed Natasha
  2848 | D:4      | Killed Natasha
  3120 | D:4      | Noticed a rime drake
  3129 | D:4      | Killed a rime drake
  3130 | D:4      | Mangled by an earth elemental

Illustrated notes

Levels and vault maps discovered:
D:1:      minmay_arrival_shattered_statue, layout_basic,
          minmay_misc_feat_rugged, dk_noncrumbling_2, minmay_tetromino_i4
D:2:      kennysheep_the_goblin_king, layout_rooms, nicolae_ecumenical_oubliette
D:3:      layout_basic, nicolae_ru_the_path_less_chosen, uniq_grinder
D:4:      layout_basic, makhleb_blood_cavern_becter, st_stairs_12, uniq_edmund,
          uniq_natasha, uniq_duvessa, uniq_robin

Skill      XL: |  1  2  3  4  5  6  7 |
---------------+----------------------+-----
Fighting       | 4 5 |  5.1
Shields        | 4 5 |  5.7
Armour         | 4 5 6 |  6.3
Long Blades    | 3 4 |  4.9
Maces & Flails | 1 3 4 |  4.9
Dodging        | 1 |  1.4
Throwing       | |  0.7
Stealth        | |  0.9

Action                     |  1- 3 |  4- 6 |  7- 9 || total
---------------------------+-------+-------+-------++-------
  Melee: Long sword        |   117 |     4 |       ||   121
         Headbutt          |    14 |     7 |    10 ||    31
         Flail             |       |    43 |    65 ||   108
  Throw: Dart              |       |     3 |       ||     3
 Armour: Scale mail        |   101 |    25 |    50 ||   176
  Dodge: Dodged            |    71 |    16 |    34 ||   121
  Block: Buckler           |    55 |    15 |     9 ||    79
